 Dungeon Crawl Stone Soup version 0.32-a0-163-g159c032296 (webtiles) character file.

Game seed: 4833370580880609721

111870 croobank the Summoner (level 16, -12/85 HPs)
             Began as a Felid Summoner on Feb 11, 2024.
             Was an Elder of Kikubaaqudgha.
             Mangled by a wolf spider (17 damage)
             ... on level 3 of the Spider Nest.
             The game lasted 02:06:00 (38866 turns).

croobank the Summoner (Felid Summoner)             Turns: 38866, Time: 02:06:01

Health: -12/85     AC:  3    Str:  6    XL:     16   Next: 10%
Magic:  0/35       EV: 29    Int: 22    God:    Kikubaaqudgha [****..]
Gold:   854        SH:  0    Dex: 28    Spells: 1/43 levels left
                                        Lives:  0   Deaths: 6

rFire   . . .        (weapon unavailable)
rCold   + . .        (shield unavailable)
rNeg    + . .        (body armour unavailable)
rPois   +            (helmet unavailable)
rElec   .            (cloak unavailable)
rCorr   .            (gloves unavailable)
SInv    +            (boots unavailable)
Will    ++++.        B - amulet of Plog {Spirit *Corrode Will++ Dex+8 Stlth+}
Stlth   ++++++       J - ring of poison resistance
HPRegen 0.34/turn    p - ring of positive energy
MPRegen 0.24/turn

%: corrode self (3%), guardian spirit
@: lethally poisoned (-12 -> -23), death channelling, unable to call your
familiar
A: very small, claws 1, fangs 3, see invisible, shaggy fur 3, stealthy paws, no
weapons or thrown items, no armour, multi-lived
a: Renounce Religion, Unearth Wretches


You were on level 3 of the Spider Nest.
You worshipped Kikubaaqudgha.
Kikubaaqudgha was greatly pleased with you.
You visited 6 branches of the dungeon, and saw 27 of its levels.
You visited 1 bazaar.

You collected 3090 gold pieces.
You spent 2236 gold pieces at shops.

Inventory:

Jewellery
 c - a ring of flight
 f - a ring of protection from cold
 l - a ring of fire
 p - a ring of positive energy (right paw)
 x - an amulet of magic regeneration
 B - the amulet of Plog (around neck) {Spirit *Corrode Will++ Dex+8 Stlth+}
   (You found it on level 8 of the Dungeon)

   [amulet of guardian spirit]

   Spirit:    It causes incoming damage to be divided between your reserves of
   health and magic.
   Dex+8:     It affects your dexterity (+8).
   Will++:    It greatly increases your willpower.
   *Corrode:  It may corrode you when you take damage.
   Stlth+:    It makes you more stealthy.
 C - an amulet of reflection
 I - a +6 ring of strength
 J - a ring of poison resistance (left paw)
 R - an amulet of regeneration
 S - a ring of resist corrosion
Talismans
 n - a serpent talisman
Wands
 b - a wand of roots (12)
 d - a wand of polymorph (10)
 v - a wand of mindburst (31)
 w - a wand of digging (12)
 z - a wand of charming (19)
 E - a wand of quicksilver (14)
 G - a wand of flame (3)
Scrolls
 g - 3 scrolls of silence
 h - 6 scrolls of poison
 i - 2 scrolls of fear
 j - 7 scrolls of teleportation
 m - 3 scrolls of amnesia
 s - 3 scrolls of revelation
 t - 8 scrolls of identify
 y - 3 scrolls of immolation
 D - 4 scrolls of fog
 F - 6 scrolls of torment
Potions
 a - 4 potions of heal wounds
 e - 7 potions of haste
 k - 8 potions of curing
 o - 5 potions of attraction
 q - 4 potions of lignification
 r - 2 potions of resistance
 u - 5 potions of might
 A - 4 potions of enlightenment
 K - 6 potions of ambrosia
 L - 3 potions of invisibility
 N - 3 potions of berserk rage
 O - 2 potions of brilliance
 P - a potion of mutation
 Q - a potion of cancellation
 T - a potion of magic
Miscellaneous
 M - a phial of floods


   Skills:
 - Level 10.0 Fighting
 - Level 10.0 Dodging
 - Level 10.0 Stealth
 - Level 14.0 Spellcasting
 - Level 14.0 Summonings
 * Level 13.8 Necromancy
 - Level 5.0 Translocations
 - Level 5.0 Fire Magic
 - Level 7.0 Air Magic


You had one spell level left.
You knew the following spells:

 Your Spells              Type           Power      Damage    Failure   Level
a - Summon Small Mammal   Summ           100%       N/A       0%          1
c - Call Canine Familiar  Summ           67%        N/A       1%          3
d - Summon Blazeheart Go  Fire/Summ      55%        N/A       1%          4
e - Summon Lightning Spi  Summ/Air       57%        N/A       1%          4
f - Summon Mana Viper     Hex/Summ       46%        N/A       6%          5
g - Summon Forest         Summ/Tloc      27%        N/A       2%          5
h - Summon Cactus Giant   Summ           33%        N/A       1%          6
A - Animate Dead          Necr           66%        N/A       1%          4
D - Death Channel         Necr           33%        N/A       1%          6
N - Anguish               Hex/Necr       22%        N/A       2%          4

Your spell library contained the following spells:

 Spells                   Type           Power      Damage    Failure   Level
 Necrotise                Necr           100%       1d9       0%          1
 Apportation              Tloc           74%        N/A       1%          1
 Kiss of Death            Conj/Necr      100%       2d13      1%          1
 Freeze                   Ice            60%        1d7       4%          1
 Magic Dart               Conj           60%        1d6       4%          1
 Sandblast                Erth           30%        2d9       4%          1
 Slow                     Hex            60%        N/A       4%          1
 Sting                    Conj/Alch      60%        1d6       4%          1
 Blink                    Tloc           74%        N/A       1%          2
 Call Imp                 Summ           100%       N/A       1%          2
 Lesser Beckoning         Tloc           74%        N/A       1%          2
 Mercury Vapours          Alch/Air       60%        N/A       1%          2
 Fugue of the Fallen      Necr           66%        N/A       1%          3
 Gell's Gravitas          Tloc           37%        N/A       1%          3
 Summon Ice Beast         Ice/Summ       46%        N/A       1%          3
 Teleport Other           Tloc           37%        N/A       1%          3
 Vampiric Draining        Necr           66%        2d10      1%          3
 Martyr's Knell           Necr/Summ      67%        N/A       1%          4
 Curse of Agony           Necr           66%        N/A       1%          5
 Vhi's Electric Charge    Tloc/Air       82%        N/A       3%          4
 Inner Flame              Hex/Fire       26%        N/A       4%          3
 Mephitic Cloud           Conj/Alch/Air  25%        N/A       4%          3
 Manifold Assault         Tloc           37%        N/A       4%          4
 Ensorcelled Hibernation  Hex/Ice        30%        N/A       6%          2
 Borgnjor's Vile Clutch   Necr/Erth      22%        N/A       6%          5
 Confusing Touch          Hex            15%        N/A       12%         3
 Frozen Ramparts          Ice            30%        1d5       12%         3
 Hailstorm                Conj/Ice       15%        3d6       12%         3
 Ozocubu's Armour         Ice            15%        N/A       12%         3
 Passwall                 Erth           15%        N/A       12%         3
 Sigil of Binding         Hex            15%        N/A       12%         3
 Stone Arrow              Conj/Erth      30%        3d8       12%         3
 Flame Wave               Conj/Fire      26%        2d8       14%         4
 Sticky Flame             Fire/Alch      26%        2d6       14%         4
 Arcjolt                  Conj/Air       15%        1d25      26%         5
 Brom's Barrelling Bould  Conj/Erth      15%        2d4       36%         4
 Fireball                 Conj/Fire      13%        3d7       36%         5
 Freezing Cloud           Conj/Ice/Air   12%        6-21      41%         5
 Dispersal                Tloc           18%        N/A       61%         6
 Alistair's Intoxication  Alch           10%        N/A       73%         5
 Iskenderun's Battlesphe  Conj           15%        2d7       73%         5
 Conjure Ball Lightning   Conj/Air       15%        3x3d6     82%         6
 Orb of Destruction       Conj           7%         9d6       100%        7
 Maxwell's Capacitive Co  Air            23%        ∞         100%        8


Dungeon Overview and Level Annotations

Branches:
Dungeon (15/15)            Temple (1/1) D:7            Lair (5/5) D:8
 Shoals (0/4) Lair:3       Spider (3/4) Lair:2        Slime (0/5) Lair:4
    Orc (2/2) D:12            Elf (1/3) Orc:2        Vaults (0/5) D:13
 Depths (0/4) D:15

Altars:
Ashenzari
Cheibriados
Dithmenos
Elyvilon
Fedhas
Gozag
Hepliaklqana
Kikubaaqudgha
Makhleb
Nemelex Xobeh
Okawaru
Qazlal
Ru
Sif Muna
Trog
Uskayaw
Vehumet
Wu Jian
Xom
Yredelemnul
Zin
The Shining One

Shops:
Orc:1 ?([   Orc:2 *::!

Annotations:
D:5 2 transporters, jboons's ghost, novice FoSu
D:9 exclusion: downstairs


Innate Abilities, Weirdness & Mutations

You have sharp claws.
You have razor-sharp teeth.
You have supernaturally acute eyesight. (SInv)
Your thick and shaggy fur keeps you warm. (AC +3, rC+)
Your paws help you pounce on unaware monsters.
You are incapable of wielding weapons or throwing items.
You cannot wear armour.
You gain extra lives every three experience levels.


Message History

Casting: Summon Cactus Giant (dangerous; 1% risk of failure)
Confirm with . or Enter, or press ? or * to list all spells.
A fiery spirit appears, bound in slag iron.
You feel extremely sick. The wolf spider misses you.
The wolf spider completely misses you.
The jumping spider completely misses you. x2
The demonic crawler is struck by your cactus giant's spines.
The demonic crawler hits your cactus giant!!
The demonic crawler hits your cactus giant!
The demonic crawler hits your cactus giant.
Your cactus giant completely misses the demonic crawler.
Your jorogumo zombie closely misses the jumping spider.
You feel very sick.
The demonic crawler is struck by your cactus giant's spines.
The demonic crawler hits your cactus giant.
The demonic crawler hits your cactus giant! x2
Your cactus giant is destroyed!
Your cactus giant disappears in a puff of smoke!
The jumping spider pounces on you!
You are caught in a web!
The jumping spider bites you. The wolf spider hits you.
The wolf spider barely misses you.
There is a web, spattered with blood here.
The web tears apart.
You feel very sick.
The jumping spider completely misses you. x2
The wolf spider completely misses you. The wolf spider misses you.
Your jorogumo zombie hits the jumping spider!
The jumping spider dies!
Kikubaaqudgha accepts your kill.
A glowing mist starts to gather...
Your blazeheart golem punches the wolf spider.
You feel very sick.
The wolf spider attacks as it pursues you!
The wolf spider hits you!!
* * * LOW HITPOINT WARNING * * *
The wolf spider barely misses you.
Your spectral jumping spider passes through a web.
The wolf spider hits you!
You die...
Kikubaaqudgha rasps: You have failed me!
Welcome... death!

.........s ..^..
.## ##. #..#
..#.... #
#..##....... .##.
##...!.......
....###Z...#.......
........s####....##
.......s9.## .....#
..####^@Z..# ...##
#..#.....# ..##
#.^...#.# ##
#####...####
#.......# ##^...###
###...^# ###.#..###
#......^#


You could see a demonic crawler, a wolf spider (ally target), a friendly
spectral jumping spider, a friendly blazeheart golem (summoned) and a friendly
jorogumo zombie.

Vanquished Creatures
  An emperor scorpion (Spider:2)
  4 hydras
  A centaur warrior (D:15)
  4 two-headed ogres
  5 death yaks
  A demonic crawler (Spider:2)
  A skyshark (Lair:3)
  A skeletal warrior (D:15)
  An arcanist (D:8)
  A steelbarb worm (Spider:2)
  A deep elf pyromancer (Elf:1)
  An orc knight (Orc:1)
  A deep elf archer (Elf:1)
  A deep elf zephyrmancer (Elf:1)
  4 ugly things
  An oklob plant (Lair:1)
  Maurice (D:7)
  2 moths of wrath
  2 manticores
  2 cyclopes
  A wolf spider (Spider:2)
  3 black mambas
  A gargoyle (D:11)
  An unseen horror zombie (D:9)
  6 cane toads
  8 komodo dragons
  4 trolls
  2 polar bears (Lair:5)
  A tarantella (Spider:2)
  5 hornets
  3 dream sheep (Lair:5)
  5 blink frogs
  4 jumping spiders
  9 spriggans (Lair:5)
  A wyvern (Lair:5)
  A culicivora (Spider:1)
  A wraith (D:9)
  Eustachio (D:5)
  A fire bat (Lair:5)
  31 yaks
  4 redbacks
  2 basilisks
  A vampire mosquito (D:7)
  3 water moccasins
  A nameless horror (Orc:2)
  2 orc warriors
  3 black bears
  An ice beast (D:8)
  A sky beast (D:8)
  A laughing skull (D:15)
  17 wolves
  A boggart (Lair:5)
  3 centaurs
  2 kobold brigands (D:8)
  6 bullfrogs
  4 wights (D:9)
  A howler monkey (D:7)
  4 electric eels
  A centaur zombie (D:9)
  3 orc priests
  2 iguanas
  4 jellies
  2 orc wizards
  A dart slug (D:5)
  A ribbon worm (D:2)
  7 orcs
  4 endoplasms
  A goblin (D:4)
  2 hobgoblins
  A kobold (D:8)
  A quokka (D:5)
  2 bats (D:1)
214 creatures vanquished.

Vanquished Creatures (collateral kills)
  Nikola (Spider:1)
  A frost giant (D:14)
  A ghost moth (Spider:2)
  A broodmother (Spider:2)
  A spark wasp (Spider:2)
  Nessos (Orc:2)
  A dire elephant (D:15)
  An entropy weaver (Spider:2)
  A great orb of eyes (D:15)
  A catoblepas (Lair:3)
  5 hydras
  A jorogumo (Spider:3)
  A radroach (Spider:1)
  2 centaur warriors
  A dancing weapon (Orc:2)
  5 boulder beetles
  4 demonic crawlers
  A death scarab (Spider:2)
  2 death yaks (Lair:4)
  A deep troll earth mage (D:14)
  3 orc high priests
  Urug (D:10)
  7 skeletal warriors
  2 pharaoh ants
  A sun moth (Spider:2)
  An orb spider (Spider:1)
  An obsidian statue (D:12)
  5 deep elf pyromancers
  5 orc sorcerers (Orc:2)
  A steelbarb worm (Spider:2)
  2 wolf spiders
  6 ugly things
  3 cyclopes
  An oklob plant (Lair:4)
  2 kobold blastminers (Orc:1)
  A merfolk siren (Lair:3)
  2 moths of wrath
  A black mamba (Lair:2)
  4 cane toads
  An unseen horror (D:11)
  An efreet (D:15)
  A freezing wraith (D:14)
  2 komodo dragons
  A troll (shapeshifter) (D:8)
  5 polar bears
  7 trolls
  A merfolk (shapeshifter) (D:13)
  A wolf spider simulacrum (D:14)
  2 tarantellas (shapeshifter) (D:13)
  A hornet (Lair:5)
  10 blink frogs
  5 dream sheep (Lair:5)
  8 tarantellas
  12 slime creatures
  5 jumping spiders
  7 culicivoras
  2 spriggans (Lair:5)
  2 shadows
  A wraith (D:11)
  4 water elementals
  2 vampires
  3 fire bats (Lair:5)
  A wyvern (shapeshifter) (D:13)
  4 yaks
  3 basilisks
  A basilisk (shapeshifter) (D:15)
  9 redbacks
  2 steam dragons
  2 acid dragons
  13 water moccasins
  A swamp drake (D:12)
  22 orc warriors
  3 black bears
  8 wolves
  A laughing skull (D:15)
  3 boggarts (Lair:5)
  3 ogres
  A crocodile (shapeshifter) (D:13)
  12 centaurs
  2 kobold brigands
  2 nameless horrors (D:12)
  10 bullfrogs
  2 scorpions
  10 wights
  10 killer bees (D:10)
  6 howler monkeys
  A bombardier beetle (D:6)
  10 jellies
  A lava snake (Lair:5)
  3 hounds
  25 orc priests
  2 gnoll boudas
  38 orc wizards
  A sleepcap (D:6)
  5 iguanas
  2 hound zombies (D:3)
  2 hound skeletons (D:3)
  5 gnolls
  6 adders
  4 shadow imps (D:7)
  2 white imps
  2 ufetubi (D:5)
  An adder zombie (D:3)
  65 orcs
  9 ball pythons
  20 endoplasms
  3 giant cockroaches
  7 goblins
  9 hobgoblins
  5 jackals
  14 kobolds
  A ball python skeleton (D:3)
  5 bats
  A frilled lizard (D:3)
  A quokka zombie (D:3)
  9 rats
556 creatures vanquished.

Vanquished Creatures (others)
  An entropy weaver (Spider:1)
  A radroach (Spider:2)
  A demonic crawler (Spider:2)
  An orb spider (Spider:1)
  A broodmother zombie (Spider:2)
  4 wolf spiders (Spider:1)
  A torpor snail (Spider:2)
  2 steelbarb worm zombies (Spider:2)
  3 redback zombies
  3 demonic crawler zombies
  2 tarantellas (Spider:1)
  A boulder beetle zombie (Spider:1)
  3 culicivora zombies
  A moth of wrath zombie (Spider:1)
  4 tarantella zombies
  A jumping spider (Spider:2)
  A redback (Spider:1)
  2 elf zombies (Elf:1)
  A manticore zombie (D:15)
  2 kobold zombies (Orc:1)
  A centaur zombie (D:13)
  A nameless horror (D:7)
  An ogre zombie (Orc:2)
  9 orc zombies (Orc:2)
  124 blazeheart cores
  17 snaplasher vines
189 creatures vanquished.

Grand Total: 959 creatures vanquished

Notes
Turn   | Place    | Note
-------+----------+-------------------------------------------
     0 | D:1      | croobank the Felid Summoner began the quest for the Orb.
     0 | D:1      | Reached XP level 1. HP: 9/9 MP: 4/4
   197 | D:1      | Reached XP level 2. HP: 13/13 MP: 1/6
   200 | D:1      | Learned a level 2 spell: Call Imp
   673 | D:1      | Found a faded altar of an unknown god.
  1415 | D:2      | Reached XP level 3. HP: 17/17 MP: 2/7
  1421 | D:2      | Learned a level 3 spell: Call Canine Familiar
  1678 | D:2      | Reached skill level 1 in Fighting
  2424 | D:3      | Reached XP level 4. HP: 22/22 MP: 4/8
  2424 | D:3      | Gained a life (2 lives remaining)
  3230 | D:3      | Reached XP level 5. HP: 26/26 MP: 7/10
  4158 | D:4      | Found an iron altar of Okawaru.
  4310 | D:4      | Gained mutation: You are covered in thick fur. (AC +2)
                  | [Felid growth]
  4310 | D:4      | Reached XP level 6. HP: 30/30 MP: 4/11
  4315 | D:4      | Learned a level 4 spell: Summon Blazeheart Golem
  4368 | D:4      | Identified the +1 dagger of Zariucvi {venom, rF+}
  4461 | D:4      | Found a hazy altar of Hepliaklqana.
  4461 | D:4      | Found a shimmering altar of Xom.
  4461 | D:4      | Found a blossoming altar of Fedhas.
  4702 | D:5      | Entered Level 5 of the Dungeon
  4790 | D:5      | Reached skill level 5 in Stealth
  4790 | D:5      | Reached skill level 1 in Fire Magic
  5113 | D:5      | Reached skill level 5 in Summonings
  5180 | D:5      | Found a transporter.
  5196 | D:5      | Noticed Eustachio
  5202 | D:5      | Noticed jboons's ghost (novice FoSu)
  5290 | D:5      | Killed Eustachio
  5291 | D:5      | Reached skill level 5 in Dodging
  5291 | D:5      | Reached XP level 7. HP: 13/36 MP: 5/13
  5662 | D:5      | Found a shimmering blue altar of Sif Muna.
  5685 | D:5      | Found a transporter.
  6237 | D:6      | Reached XP level 8. HP: 40/40 MP: 8/14
  6285 | D:6      | Learned a level 4 spell: Summon Lightning Spire
  6715 | D:6      | HP: 1/42 [something/ball of steam (23)]
  7089 | D:6      | Reached skill level 1 in Air Magic
  7224 | D:6      | Found a sparkling altar of Nemelex Xobeh.
  7587 | D:6      | HP: 2/42 [steam dragon (5)]
  7588 | D:6      | Killed from afar by a steam dragon
  7588 | D:6      | Lost a life (1 life remaining)
  7632 | D:6      | Identified the +7 mace of Fortitude {freeze, *Rage rPois
                  | SInv Stlth+}
  8016 | D:7      | Noticed a two-headed ogre
  8023 | D:7      | Killed a two-headed ogre
  8024 | D:7      | Reached XP level 9. HP: 46/46 MP: 12/16
  8024 | D:7      | Gained a life (2 lives remaining)
  8564 | D:7      | Noticed Maurice
  8571 | D:7      | Killed Maurice
  8572 | D:7      | Reached skill level 5 in Fire Magic
  8717 | D:7      | Found a staircase to the Ecumenical Temple.
  8726 | Temple   | Entered the Ecumenical Temple
  8834 | D:7      | Found a shadowy altar of Dithmenos.
  9299 | D:7      | Reached skill level 5 in Fighting
  9312 | D:7      | Reached skill level 5 in Spellcasting
  9748 | D:7      | Noticed a troll
  9756 | D:7      | Noticed a deep elf pyromancer
  9778 | D:7      | Killed a troll
  9968 | D:7      | Killed a deep elf pyromancer
  9969 | D:7      | Reached XP level 10. HP: 51/52 MP: 8/19
 10586 | D:8      | Found a staircase to the Lair.
 10938 | D:8      | Found a large runed translucent door.
 10939 | D:8      | Found a large runed translucent door.
 10948 | D:8      | Noticed a white ugly thing
 10948 | D:8      | Noticed an arcanist
 10956 | D:8      | Killed a white ugly thing
 10956 | D:8      | Killed an arcanist
 10970 | D:8      | Found a large runed translucent door.
 10970 | D:8      | Found a large runed translucent door.
 10974 | D:8      | Identified the amulet of Plog {Spirit *Corrode Will++ Dex+8
                  | Stlth+}
 10989 | D:8      | Identified the +2 buckler "Kimnol" {Rampage rPois rC+}
 11051 | D:8      | Noticed a boulder beetle
 11063 | D:8      | Killed a boulder beetle
 11102 | D:8      | Noticed a five-headed hydra
 11107 | D:8      | Killed a five-headed hydra
 11635 | D:8      | Reached skill level 10 in Stealth
 11652 | D:8      | Noticed a fire crab
 11708 | D:8      | Reached skill level 5 in Air Magic
 11708 | D:8      | Reached XP level 11. HP: 14/58 MP: 18/21
 12344 | D:9      | Noticed a two-headed ogre
 12351 | D:9      | Killed a two-headed ogre
 13279 | D:9      | Found a basalt altar of Yredelemnul.
 13812 | Lair:1   | Entered Level 1 of the Lair of Beasts
 14005 | Lair:1   | Reached skill level 10 in Dodging
 14587 | Lair:1   | Noticed an oklob plant
 14929 | Lair:1   | Killed an oklob plant
 15563 | Lair:2   | Found a hole to the Spider Nest.
 15982 | Lair:2   | Gained mutation: Your thick and shaggy fur keeps you warm.
                  | (AC +3, rC+) [Felid growth]
 15982 | Lair:2   | Reached XP level 12. HP: 65/65 MP: 21/24
 16350 | Lair:2   | Noticed an eight-headed hydra
 16359 | Lair:2   | Killed an eight-headed hydra
 17217 | Lair:3   | Noticed a catoblepas
 17231 | Lair:3   | Killed a catoblepas
 17562 | Lair:3   | Learned a level 6 spell: Summon Cactus Giant
 17627 | Lair:3   | Reached skill level 10 in Summonings
 18046 | Lair:3   | Identified a scroll of acquirement
 18046 | Lair:3   | Acquired a ring of positive energy
 18735 | Lair:3   | Noticed a four-headed hydra
 18740 | Lair:3   | Killed a four-headed hydra
 18764 | Lair:3   | Identified the staff of Sunlight {^Fragile rElec rC- rN++
                  | Int+9 Air}
 18849 | Lair:3   | Found a staircase to the Shoals.
 18917 | Lair:4   | Found a staircase to the Slime Pits.
 18950 | Lair:4   | HP: 1/67 [blink frog (16)]
 18950 | Lair:4   | Demolished by a blink frog
 18950 | Lair:4   | Lost a life (1 life remaining)
 18979 | Lair:4   | Reached skill level 10 in Fighting
 19302 | Lair:4   | Noticed a death yak
 19683 | Lair:4   | Noticed a death yak
 19690 | Lair:4   | Noticed a death yak
 19695 | Lair:4   | Killed a death yak
 19697 | Lair:4   | Noticed a death yak
 19698 | Lair:4   | Noticed a death yak
 19699 | Lair:4   | Noticed a death yak
 19699 | Lair:4   | Killed a death yak
 19702 | Lair:4   | Killed a death yak
 19703 | Lair:4   | Reached XP level 13. HP: 72/72 MP: 17/27
 19703 | Lair:4   | Gained a life (2 lives remaining)
 19718 | Lair:4   | Reached skill level 10 in Spellcasting
 20511 | Lair:5   | Entered Level 5 of the Lair of Beasts
 20532 | Lair:5   | Slain by an eight-headed hydra
 20532 | Lair:5   | Lost a life (1 life remaining)
 21571 | Lair:5   | Learned a level 5 spell: Summon Mana Viper
 23663 | D:10     | Entered Level 10 of the Dungeon
 23735 | D:10     | Reached XP level 14. HP: 69/77 MP: 22/31
 23735 | D:10     | Gained a life (2 lives remaining)
 23849 | D:10     | Found a glowing golden altar of the Shining One.
 23896 | D:10     | Found an ancient bone altar of Kikubaaqudgha.
 23914 | D:10     | Learned a level 5 spell: Summon Forest
 23917 | D:10     | Became a worshipper of Kikubaaqudgha
 24141 | D:10     | Reached skill level 1 in Translocations
 24598 | D:10     | Noticed Urug
 24616 | D:10     | Killed Urug
 26172 | D:11     | Reached * piety under Kikubaaqudgha
 26172 | D:11     | Received a gift from Kikubaaqudgha
 26178 | D:11     | Learned a level 4 spell: Animate Dead
 26624 | D:12     | Found a broken altar of Ashenzari.
 26822 | D:12     | Reached skill level 1 in Necromancy
 27046 | D:12     | Acquired 993 gold pieces
 27138 | D:12     | Found a gateway to a bazaar.
 27142 | Bazaar   | Entered a bazaar
 27142 | Bazaar   | Found Tulehueg's Distillery.
 27142 | Bazaar   | Found Kecrat's Distillery.
 27142 | Bazaar   | Found Asarchi's Distillery.
 27186 | Bazaar   | Bought a potion of haste for 90 gold pieces
 27192 | Bazaar   | Bought a potion of might for 44 gold pieces
 27192 | Bazaar   | Bought a potion of invisibility for 88 gold pieces
 27192 | Bazaar   | Bought a potion of heal wounds for 55 gold pieces
 27192 | Bazaar   | Bought a potion of berserk rage for 55 gold pieces
 27192 | Bazaar   | Bought a potion of heal wounds for 55 gold pieces
 27194 | Bazaar   | Bought a potion of berserk rage for 35 gold pieces
 27194 | Bazaar   | Bought a potion of brilliance for 28 gold pieces
 27194 | Bazaar   | Bought a potion of magic for 56 gold pieces
 27194 | Bazaar   | Bought a potion of resistance for 70 gold pieces
 27194 | Bazaar   | Bought a potion of might for 28 gold pieces
 27194 | Bazaar   | Bought a potion of brilliance for 28 gold pieces
 27194 | Bazaar   | Bought a potion of invisibility for 56 gold pieces
 27196 | Bazaar   | Bought a potion of curing for 33 gold pieces
 27196 | Bazaar   | Bought a potion of curing for 33 gold pieces
 27196 | Bazaar   | Bought a potion of attraction for 33 gold pieces
 27196 | Bazaar   | Bought a potion of attraction for 33 gold pieces
 27196 | Bazaar   | Bought a potion of haste for 110 gold pieces
 27198 | Bazaar   | Bought a potion of attraction for 21 gold pieces
 27204 | Bazaar   | Bought a potion of might for 36 gold pieces
 27204 | Bazaar   | Bought a potion of ambrosia for 72 gold pieces
 27204 | Bazaar   | Bought a potion of curing for 27 gold pieces
 27516 | D:12     | Found a staircase to the Orcish Mines.
 28228 | D:13     | Reached skill level 5 in Translocations
 28572 | D:13     | Found a gate to the Vaults.
 28579 | D:13     | Reached ** piety under Kikubaaqudgha
 28776 | D:13     | Reached skill level 5 in Necromancy
 29729 | D:14     | Found a blossoming altar of Fedhas.
 30366 | D:14     | Noticed a frost giant
 30406 | D:14     | Killed a frost giant
 30406 | D:14     | Slain by a deep troll earth mage
 30406 | D:14     | Lost a life (1 life remaining)
 30843 | Orc:1    | Entered Level 1 of the Orcish Mines
 30925 | Orc:1    | Reached *** piety under Kikubaaqudgha
 30925 | Orc:1    | Received a gift from Kikubaaqudgha
 31205 | Orc:1    | Found Tisiobru's Weapon Emporium.
 31242 | Orc:1    | Found Quicw's Magic Scroll Shop.
 31251 | Orc:1    | Bought a scroll of fog for 52 gold pieces
 31251 | Orc:1    | Bought a scroll of fog for 52 gold pieces
 31251 | Orc:1    | Bought a scroll of teleportation for 39 gold pieces
 31251 | Orc:1    | Bought a scroll of immolation for 52 gold pieces
 31251 | Orc:1    | Bought a scroll of silence for 123 gold pieces
 31568 | Orc:1    | Found Yvysaik's Antique Armour Shop.
 31628 | Orc:2    | Entered Level 2 of the Orcish Mines
 31628 | Orc:2    | Found a staircase to the Elven Halls.
 31795 | Orc:2    | Noticed Nessos
 31801 | Orc:2    | Reached XP level 15. HP: 77/80 MP: 12/33
 31804 | Orc:2    | Killed Nessos
 31804 | Orc:2    | Reached **** piety under Kikubaaqudgha
 32046 | Orc:2    | Found Qyiboxt's Book Boutique.
 32046 | Orc:2    | Found Daawkargh's General Store.
 32046 | Orc:2    | Found Keluch's Book Shop.
 32061 | Orc:2    | Found Uciqoem's Distillery.
 32128 | Orc:2    | Bought a scroll of immolation for 64 gold pieces
 32128 | Orc:2    | Bought a scroll of amnesia for 64 gold pieces
 32130 | Orc:2    | Bought a potion of mutation for 128 gold pieces
 32130 | Orc:2    | Bought a potion of invisibility for 128 gold pieces
 32130 | Orc:2    | Bought 2 potions of heal wounds for 160 gold pieces
 32136 | Orc:2    | Reached ***** piety under Kikubaaqudgha
 32612 | D:15     | Entered Level 15 of the Dungeon
 33758 | D:15     | Reached skill level 10 in Necromancy
 33912 | D:15     | Found a staircase to the Depths.
 34525 | D:15     | Learned a level 6 spell: Death Channel
 34669 | Elf:1    | Entered Level 1 of the Elven Halls
 34707 | Elf:1    | Found a radiant altar of Vehumet.
 35273 | Spider:1 | Entered Level 1 of the Spider Nest
 35298 | Spider:1 | Killed by an exploding blazeheart core
 35298 | Spider:1 | Lost a life (0 lives remaining)
 35299 | Spider:1 | Noticed Nikola
 36065 | Orc:2    | Bought a book of Dreams for 288 gold pieces
 36070 | Orc:2    | Learned a level 4 spell: Anguish
 36562 | Spider:1 | Killed Nikola
 37036 | Spider:2 | Got the Atlas of the Mutual Prime Material
 37531 | Spider:2 | Noticed an emperor scorpion
 37542 | Spider:2 | Killed an emperor scorpion
 37543 | Spider:2 | Reached XP level 16. HP: 78/85 MP: 5/35
 37543 | Spider:2 | Gained a life (1 life remaining)
 37956 | Spider:2 | Engulfed by a cloud of flame
 37956 | Spider:2 | Lost a life (0 lives remaining)
 38866 | Spider:3 | Mangled by a wolf spider

Illustrated notes

Levels and vault maps discovered:
D:1:      elethiomel_arrival_quiet, layout_basic,
          shapermc_ecumenical_altar_acropolis, chequers_serial_rivers_room_a,
          minmay_misc_feat_tiny, ebering_dispersal_statue_hall
D:2:      layout_rooms, minmay_randomly_rotated_circles
D:3:      layout_basic, serial_undead, serial_undead_b, serial_undead_f,
          serial_undead_f, serial_undead_b, serial_undead_e, serial_undead_c,
          serial_undead_c, serial_undead_e, serial_undead_c, serial_undead_d
D:4:      layout_cave_pods, chequers_temple_overflow_statue_of_worship,
          mainiacjoe_overflow_cross_hatched, fountainhead, dreamdust_gnoll_farm
D:5:      layout_basic, mainiacjoe_overflow_alcove_1, gammafunk_ghost_mausoleum,
          uniq_eustachio
D:6:      layout_basic, nemelex_altar_shiori, dk_rats_in_the_wall
D:7:      minmay_chambers_of_sevens, layout_loops_ring, grunt_dithmenos_shadows,
          temple_hall, uniq_maurice
D:8:      layout_layer_cave, david_lair_shrubbed, minmay_hollow_rounded_squares
D:9:      layout_gridville, lemuel_zombie_altar_yredelemnul
D:10:     layout_gridville, tso_oasis_becter, old_standard_altar,
          feat_on_display, uniq_urug
D:11:     layout_basic
D:12:     layout_cave_pools, erik_orc_1, serial_shops, statue_bzr,
          nicolae_ashenzari_panopticon
D:13:     layout_roguey, david_vaults_2, chequers_serial_rivers_micro_b
D:14:     minmay_mutant_horseshoe, layout_basic, fedhas_altar_2
D:15:     hangedman_depths_entry_try_elsewhere_first, layout_grid_maze,
          serial_bayou_shore_a, moated_statue
Temple:   hellmonk_temple_two_chambers
Lair:1:   lemuel_slime, layout_cave_pods
Lair:2:   layout_cave_pods, spider_nest_entry_a, grunt_megastairs_3,
          infiniplex_staircase_pool_2
Lair:3:   cheibrodos_lair_river_kwai, layout_chaotic_city,
          mainiacjoe_shoals_entry_four_pools, grunt_megastairs_5
Lair:4:   layout_regular_city, slime_entry_1, dpeg_oklob_1
Lair:5:   minmay_lair_end_enchanted_forest, layout_gridlike
Spider:1: layout_spider_delve, uniq_nikola
Spider:2: nicolae_spider_hilbert_zone_7 [nicolae_spider_hilbert_4_sides_1_open,
          nicolae_spider_hilbert_4_sides_1_open,
          nicolae_spider_hilbert_4_sides_1_open,
          nicolae_spider_hilbert_4_sides_1_open,
          nicolae_spider_hilbert_3_sides_1_open,
          nicolae_spider_hilbert_3_sides_1_open,
          nicolae_spider_hilbert_3_sides_1_open,
          nicolae_spider_hilbert_3_sides_1_open,
          nicolae_spider_hilbert_4_sides_1_open,
          nicolae_spider_hilbert_4_sides_1_open,
          nicolae_spider_hilbert_4_sides_1_open,
          nicolae_spider_hilbert_2_sides_1_open,
          nicolae_spider_hilbert_2_sides_1_open,
          nicolae_spider_hilbert_2_sides_1_open,
          nicolae_spider_hilbert_2_sides_1_open,
          nicolae_spider_hilbert_2_sides_1_open,
          nicolae_spider_hilbert_2_sides_1_open]
Spider:3: layout_spider_delve, hangedman_spider_tarantella_strand
Orc:1:    layout_caves, serial_shops, nicolae_shop_trees,
          nicolae_shop_temple_entry_statues_fountains, shop_fountains
Orc:2:    st_orc_mages, layout_caves, uniq_nessos
Elf:1:    eino_elf_arrival_altar, layout_loops_cross, serial_shops, shop,
          ploomutoo_gammafunk_ghost_potion_laboratory, minmay_elf_demonology,
          uniq_norris

Skill      XL: |  1  2  3  4  5  6  7  8  9 10 11 12 13 14 15 |
---------------+----------------------------------------------+-----
Stealth        | 3 4 5 6 7 8 10 | 10.0
Dodging        | 3 4 5 6 8 9 10 | 10.0
Fighting       | 1 2 3 4 5 6 8 10 | 10.0
Spellcasting   | 3 4 5 6 7 9 12 13 14 | 14.0
Fire Magic     | 1 3 4 5 |  5.0
Summonings     | 5 6 7 9 11 13 14 | 14.0
Air Magic      | 2 3 5 6 7 |  7.0
Translocations | 5 |  5.0
Necromancy     | 8 13 | 13.8

Action                     |  1- 3 |  4- 6 |  7- 9 | 10-12 | 13-15 | 16-18 || total
---------------------------+-------+-------+-------+-------+-------+-------++-------
  Melee: Unarmed           |    18 |    38 |    39 |    61 |   110 |     5 ||   271
         Bite              |     4 |     3 |     5 |    12 |    19 |     1 ||    44
         Punch             |       |     2 |     2 |       |     3 |       ||     7
   Cast: Summon Small Mamm |    40 |    58 |    51 |    35 |    14 |       ||   198
         Call Imp          |    23 |    28 |    38 |    28 |    13 |       ||   130
         Call Canine Famil |     4 |    17 |    21 |    20 |    24 |     3 ||    89
         Summon Blazeheart |       |       |    17 |    78 |    97 |     4 ||   196
         Summon Lightning  |       |       |     2 |    31 |    32 |       ||    65
         Summon Cactus Gia |       |       |       |     1 |    61 |     6 ||    68
         Summon Mana Viper |       |       |       |       |    61 |     4 ||    65
         Summon Forest     |       |       |       |       |    41 |     2 ||    43
         Animate Dead      |       |       |       |       |    15 |     4 ||    19
         Death Channel     |       |       |       |       |     8 |     4 ||    12
         Anguish           |       |       |       |       |     5 |       ||     5
 Invoke: Unearth Wretches  |       |       |       |       |     5 |       ||     5
  Evoke: Wand              |       |     4 |     1 |       |    17 |     1 ||    23
    Use: Scroll            |     2 |     4 |     2 |    17 |    14 |     1 ||    40
         Potion            |       |       |     3 |     3 |    10 |     1 ||    17
   Stab: Sleeping          |       |     3 |       |     6 |     5 |       ||    14
         Distracted        |       |     2 |       |     2 |    10 |       ||    14
         Paralysed         |       |       |       |       |     6 |       ||     6
         Invisible         |       |       |       |       |     1 |       ||     1
 Armour: Skin              |     5 |    24 |    54 |    53 |   174 |    29 ||   339
  Dodge: Dodged            |    37 |    70 |   136 |   186 |   468 |    48 ||   945

Table legend: (Time is in decaauts)
 A = Elapsed time spent in this place.
 B = Non-inter-level travel time spent in this place.
 C = Inter-level travel time spent in this place.
 D = Time resting spent in this place.
 E = Time spent auto-exploring this place.
 F = Levels seen in this place.
 G = Mean time per level.
                   A        B        C        D        E       F      G
               +--------+--------+--------+--------+--------+-----+--------+
         Total |  38932 |  36571 |   2361 |  10422 |  18700 |  28 | 1390.4 |
       Dungeon |  23372 |  21756 |   1616 |   4952 |  12608 |  15 | 1558.1 |
        Temple |     35 |     31 |      4 |      0 |      0 |   1 |   35.0 |
          Lair |  10425 |   9963 |    462 |   4211 |   3944 |   5 | 2085.0 |
   Spider Nest |   2800 |   2686 |    114 |    553 |   1377 |   3 |  933.3 |
  Orcish Mines |   2166 |   2002 |    164 |    706 |    766 |   2 | 1083.0 |
   Elven Halls |     66 |     66 |      0 |      0 |      4 |   1 |   66.0 |
        Bazaar |     64 |     64 |      0 |      0 |      0 |   1 |   64.0 |
               +--------+--------+--------+--------+--------+-----+--------+

Top non-repeatable levels by time:
  Lair:5: 2727 daAuts
     D:6: 2419 daAuts
  Lair:3: 2204 daAuts
  Lair:2: 2141 daAuts
     D:8: 1986 daAuts
     D:7: 1918 daAuts
Spider:2: 1792 daAuts
    D:15: 1769 daAuts
    D:11: 1767 daAuts
  Lair:1: 1678 daAuts
  Lair:4: 1673 daAuts
    D:13: 1624 daAuts
     D:5: 1617 daAuts
    D:12: 1501 daAuts
    D:14: 1497 daAuts
